Workbook
Name _Hlk22631867: 'CDS Definitions'!$A$101

Sheet answers
A1: Survey Map | B1: Answer
A2: 5_17_91_484 | B2: ='CDS-D'!$C$15 -> 133
A3: 5_17_91_485 | B3: ='CDS-D'!$D$15 -> 44
A4: 5_17_91_486 | B4: ='CDS-D'!$E$15 -> 20
A5: 1_2_11_2748 | B5: ='CDS-D'!$K$5 -> Yes
A6: 1_2_11_54 | B6: ='CDS-C'!$K$66
A7: 1_2_11_55 | B7: ='CDS-C'!$B$71 -> 0
A8: 1_2_12_57 | B8: ='CDS-C'!$I$76 -> Very Important
A9: 1_2_12_58 | B9: ='CDS-C'!$I$77 -> Important
A10: 1_2_12_59 | B10: ='CDS-C'!$I$78 -> Very Important
A11: 1_2_12_60 | B11: ='CDS-C'!$I$81 -> Very Important
A12: 1_2_12_61 | B12: ='CDS-C'!$I$79 -> Important
A13: 1_2_12_62 | B13: ='CDS-C'!$I$80 -> Very Important
A14: 1_2_12_63 | B14: ='CDS-C'!$I$83 -> Important
A15: 1_2_12_64 | B15: ='CDS-C'!$I$84 -> Important
A16: 1_2_12_65 | B16: ='CDS-C'!$I$85 -> Important
A17: 1_2_12_66 | B17: ='CDS-C'!$I$86 -> Important
A18: 1_2_12_67 | B18: ='CDS-C'!$I$87 -> Considered
A19: 1_2_12_68 | B19: ='CDS-C'!$I$88 -> Considered
A20: 1_2_12_69 | B20: ='CDS-C'!$I$89 -> Considered
A21: 1_2_12_70 | B21: ='CDS-C'!$I$90 -> Considered
A22: 1_2_12_71 | B22: ='CDS-C'!$I$91 -> Not Considered
A23: 1_2_12_72 | B23: ='CDS-C'!$I$92 -> Considered
A24: 1_2_12_73 | B24: ='CDS-C'!$I$93 -> Considered
A25: 1_2_12_74 | B25: ='CDS-C'!$I$94 -> Considered
A26: 1_2_12_75 | B26: ='CDS-C'!$I$95 -> Important
A27: 1_2_13_76 | B27: ='CDS-C'!$H$105 -> Yes
A28: 1_2_13_79 | B28: ='CDS-C'!$U$110 -> Consider if Submitted|
A29: 1_2_13_80 | B29: ='CDS-C'!$U$111
A30: 1_2_13_81 | B30: ='CDS-C'!$U$112
A31: 1_2_13_82 | B31: ='CDS-C'!$U$113
A32: 1_2_13_83 | B32: ='CDS-C'!$U$114 -> Not Considered
A33: 1_2_13_84 | B33: ='CDS-C'!$J$119 -> ACT with or without writing accepted
A34: 1_2_13_85 | B34: ='CDS-C'!$J$126 -> SAT with or without Essay component accepted
A35: 1_2_13_86 | B35: =CONCATENATE('CDS-C'!$I$132,'CDS-C'!$I$133, 'CDS-C'!$I$134, 'CDS-C'!$I$135, 'CDS-C'!$I$136, 'CDS-C'!$I$137,'CDS-C'!$I$138) -> |||||||Not using essay component
A36: 1_2_13_87 | B36: =CONCATENATE('CDS-C'!$H$132,'CDS-C'!$H$133, 'CDS-C'!$H$134, 'CDS-C'!$H$135, 'CDS-C'!$H$136, 'CDS-C'!$H$137,'CDS-C'!$H$138) -> |||||||Not using essay component
A37: 1_2_13_88 | B37: ='CDS-C'!$H$142 -> Yes
A38: 1_2_13_89 | B38: ='CDS-C'!$F$144 -> 44593
A39: 1_2_13_90 | B39: ='CDS-C'!$F$145 -> N/A
A40: 1_2_13_91 | B40: ='CDS-D'!$D$153 -> 0
A41: 1_2_183_2681 | B41: {=_xlfn.IFS('CDS-C'!$G$52=1, 'CDS-C'!$F$52, 'CDS-C'!$G$52=2, 'CDS-C'!$F$53, 'CDS-C'!$G$52=3, 'CDS-C'!$F$54)} -> High school diploma is required and GED is accepted
A42: 1_2_3_3 | B42: ='CDS-C'!$H$250 -> No
A43: 1_2_3_4 | B43: ='CDS-C'!$D$252
A44: 1_2_3_5 | B44: ='CDS-C'!$H$255 -> #N/A
A45: 1_2_3_6 | B45: ='CDS-C'!$I$258 -> Same fee
A46: 1_2_3_7 | B46: ='CDS-C'!$H$262 -> #N/A
A47: 1_2_4_10 | B47: ='CDS-C'!$C$270 -> 0
A48: 1_2_4_2788 | B48: ='CDS-C'!$H$274 -> #N/A
A49: 1_2_4_8 | B49: ='CDS-C'!$H$266 -> Yes
A50: 1_2_4_9 | B50: ='CDS-C'!$C$269 -> 44576
A51: 1_2_5_11 | B51: ='CDS-C'!$H$278 -> No
A52: 1_2_5_13 | B52: ='CDS-C'!$C$279 -> 44643
A53: 1_2_6_14 | B53: ='CDS-C'!$J$283
A54: 1_2_6_15 | B54: ='CDS-C'!$C$286 -> 0
A55: 1_2_6_16 | B55: ='CDS-C'!$C$287 -> 0
A56: 7_26_122_2699 | B56: ='CDS-C'!$C$284 -> 44682
A57: 1_2_7_17 | B57: ='CDS-C'!$H$36 -> Yes
A58: 1_2_7_19 | B58: ='CDS-C'!$E$41 -> 2165
A59: 1_2_7_20 | B59: ='CDS-C'!$E$42 -> 1172
A60: 1_2_7_21 | B60: ='CDS-C'!$E$43 -> 23
A61: 1_2_7_22 | B61: ='CDS-C'!$H$45 -> No
A62: 1_2_7_23 | B62: ='CDS-C'!$H$46 -> #N/A
A63: 1_2_7_24 | B63: ='CDS-C'!$H$47 -> #N/A
A64: 1_2_9_31 | B64: {=_xlfn.IFS('CDS-C'!$G$60=1, 'CDS-C'!$F$60, 'CDS-C'!$G$60=2, 'CDS-C'!$F$61, 'CDS-C'!$G$60=3, 'CDS-C'!$F$62)} -> Require
A65: 1_3_16_2671 | B65: ='CDS-C'!$H$329 -> No
A66: 1_3_16_2673 | B66: ='CDS-C'!$D$331 -> 0
A67: 1_3_16_2674 | B67: ='CDS-C'!$D$332 -> 0
A68: 1_3_16_2675 | B68: ='CDS-C'!$H$335 -> #N/A
A69: 1_3_16_98 | B69: ='CDS-C'!$D$321 -> 0
A70: 1_3_16_99 | B70: ='CDS-C'!$D$322 -> 0
A71: 1_3_17_103 | B71: ='CDS-C'!$C$289 -> 0
A72: 1_3_17_104 | B72: ='CDS-C'!$C$290 -> 0
A73: 1_3_17_105 | B73: ='CDS-C'!$H$294 -> #N/A
A74: 1_3_18_106 | B74: ='CDS-C'!$H$300 -> Yes
A75: 1_3_19_107 | B75: ='CDS-C'!$H$305 -> No
A76: 1_3_20_108 | B76: ='CDS-C'!$H$313 -> #N/A
A77: 1_3_20_110 | B77: ='CDS-C'!$D$315 -> 44880
A78: 1_3_20_111 | B78: ='CDS-C'!$D$316 -> 44910
A79: 1_3_20_112 | B79: ='CDS-C'!$D$317 -> 44576
A80: 1_3_20_113 | B80: ='CDS-C'!$D$318 -> 44593
A81: 1_3_20_117 | B81: ='CDS-C'!$B$324 -> 0
A82: 1_5_27_130 | B82: =_xlfn.CONCAT(B79,B80,B81) -> 44576445930
A83: 1_5_28_135 | B83: ='CDS-D'!$E$87
A84: 1_5_28_136 | B84: ='CDS-D'!$F$87
A85: 1_5_29_138 | B85: ='CDS-D'!$E$92
A86: 1_5_29_139 | B86: ='CDS-D'!$F$92
A87: 1_5_30_140 | B87: ='CDS-D'!$K$98 -> #N/A
A88: 1_5_30_141 | B88: ='CDS-D'!$B$102
A89: 1_5_31_142 | B89: ='CDS-D'!$B$105
A90: 1_6_32_143 | B90: ='CDS-D'!$K$55 -> #N/A
A91: 1_6_33_144 | B91: ='CDS-D'!$B$58 -> 0
A92: 1_6_34_145 | B92: ='CDS-D'!$D$61
A93: 1_6_35_147 | B93: ='CDS-D'!$E$64 -> 64
A94: 1_6_35_148 | B94: ='CDS-D'!$F$64 -> Semester
A95: 1_6_36_150 | B95: ='CDS-D'!$E$67 -> 64
A96: 1_6_36_151 | B96: ='CDS-D'!$F$67 -> Semester
A97: 1_6_37_152 | B97: ='CDS-D'!$E$70
A98: 1_6_38_153 | B98: ='CDS-D'!$E$73 -> 64
A99: 1_6_39_154 | B99: ='CDS-D'!$B$76 -> 0
A100: 1_6_40_155 | B100: =_xlfn.CONCAT('CDS-D'!$K$20, 'CDS-D'!$K$21, 'CDS-D'!$K$22, 'CDS-D'!$K$23) -> Fall|Spring|
...

Sheet CDS-A
A1: A. General Information
A3: A0 | B3: Respondent Information (Not for Publication)
B4: First Name: | D4: Erika
B5: Last Name: | D5: Farfan
B6: Title: | D6: Associate VP for Institutional Research
B7: Office: | D7: Office of Institutional Research
B8: Mailing Address: | D8: 103 College Drive
B9: City: | D9: Gambier
B10: State: | D10: Ohio
B11: Country: | D11: USA
B12: Zip: | D12: 43022
B13: Area Code: | D13: 740
B14: Phone Number: | D14: 427-5571
B15: Fax Area Code:
B16: Fax Phone Number:
B17: E-mail Address: | D17: ir@kenyon.edu
B19: Are your responses to the CDS posted for reference on your institution's Web site? | D19: Yes or No
D20: Y | F20: {=_xlfn.IFS(D20=FALSE, "", D20=TRUE, "No")} -> #N/A | H20: {=_xlfn.IFS(D20="YES", "Yes", D20="yes", "Yes", D20="Yes", "Yes", D20="NO", "No", D20="no", "No", D20="No", "No")} -> #N/A
B22: If yes, please provide the URL of the corresponding Web page:
B23: https://www.kenyon.edu/offices-and-services/office-of-institutional-research/common-data-sets/
A25: A0A | B25: We invite you to indicate if there are items on the CDS for which you cannot use the requested analytic convention, cannot provide data for the cohort requested, whose methodology is unclear, or about which you have questions or comments in general. This information will not be published but will help the publishers further refine CDS items.
A28: A1 | B28: Address Information
B29: Name of College/University: | D29: Kenyon College
B30: Mailing Address: | D30: 103 Chase Ave
B31: City/State/Zip/Country: | D31: Gambier, OH 43022
B32: Street Address (if different):
B33: City/State/Zip/Country:
B34: Main Phone Area Code: | D34: 740
B35: Main Phone Number: | D35: 427-5000
B36: WWW Home Page Address: | D36: kenyon.edu
B37: Admissions Phone Number: | D37: 740-427-5776
B38: Admissions Toll-Free Phone Number:
B39: Admissions Office Mailing Address: | D39: Lowell House
B40: City: | D40: Gambier
B41: State: | D41: Ohio
B42: Country: | D42: USA
B43: Zip: | D43: 43022-9623
B44: Admissions Fax Number:
B45: Admissions E-mail Address: | D45: admissions@kenyon.edu
B47: If there is a separate URL for your school’s online application, please specify:
B49: If you have a mailing address other than the above to which applications should be sent, please provide:
A52: A2 | B52: Source of institutional control (Check only one):
B54: Public | C54: 2 | D54: {=_xlfn.IFS(C54=1, "Public",C54=2, "Private (nonprofit)", C54=3, "Proprietary")} -> Private (nonprofit)
B55: Private (nonprofit)
B56: Proprietary
A58: A3 | B58: Classify your undergraduate institution (select one):
B60: Coeducational college | C60: 1 | D60: {=_xlfn.IFS(C60=1, "Coeducational college",C60=2, "Men's college", C60=3, "Women's college")} -> Coeducational college
B61: Men's college
B62: Women's college
A64: A4 | B64: Academic year calendar (select one):
B66: Semester | C66: 1 | E66: {=_xlfn.IFS(C66=1, "Semester",C66=2, "Quarter", C66=3, "Trimester", C66=4, "4-1-4", C66=5, "Continuous", C66=6, "Differs by program", C66=7, "Other")} -> Semester
B67: Quarter
B68: Trimester
B69: 4-1-4
B70: Continuous
B71: Differs by program
B72: Other
B73: Describe if differs by program or other:
A77: A5 | B77: Degrees offered by your institution:
B79: Certificate | C79: FALSE | H79: {=_xlfn.IFS($C$79= TRUE, "Certificate|",$C$79=FALSE, " ")}
B80: Diploma | C80: FALSE | H80: {=_xlfn.IFS($C$80= TRUE, "Diploma|",$C$80=FALSE, " ")}
B81: Associate | C81: FALSE | H81: {=_xlfn.IFS($C$81= TRUE, "Associate|",$C$81=FALSE, " ")}
B82: Transfer Associate | C82: FALSE | H82: {=_xlfn.IFS($C$82=TRUE, "Transfer Associate|",$C$82=FALSE, " ")}
B83: Terminal Associate | C83: FALSE | H83: {=_xlfn.IFS($C$83=TRUE, "Terminal Associate|",$C$83=FALSE, " ")}
B84: Bachelor's | C84: TRUE | H84: {=_xlfn.IFS($C$84=TRUE, "Bachelor's|",$C$84=FALSE, " ")} -> Bachelor's|
B85: Postbachelor's certificate | C85: FALSE | H85: {=_xlfn.IFS($C$85= TRUE, "Postbachelor's certificate|",$C$85=FALSE, " ")}
B86: Master's | C86: FALSE | H86: {=_xlfn.IFS($C$86= TRUE, "Master's|",$C$86=FALSE, " ")}
B87: Post-master's certificate | C87: FALSE | H87: {=_xlfn.IFS($C$87= TRUE, "Post-master's certificate|",$C$87=FALSE, " ")}
B88: Doctoral degree research/scholarship | C88: FALSE | H88: {=_xlfn.IFS($C$88= TRUE, "Doctoral degree research/scholarship|",$C$88=FALSE, " ")}
B89: Doctoral degree – professional practice | C89: FALSE | H89: {=_xlfn.IFS($C$89= TRUE, "Doctoral degree -- professional practice|",$C$89=FALSE, " ")}
B90: Doctoral degree -- other | C90: FALSE | H90: {=_xlfn.IFS($C$90= TRUE, "Doctoral degree -- other|",$C$90=FALSE, " ")}
A91: A5 | B91: Doctoral degree -- other
A93: A6 | B93: Diversity, Equity, and Inclusion
B94: If you have a diversity, equity, and inclusion office or department, please provide the URL of the corresponding Web page:
B96: https://www.kenyon.edu/campus-life/diversity-inclusion/odei/

Sheet CDS-B
A1: B. ENROLLMENT AND PERSISTENCE
A3: B1 | B3: Institutional Enrollment - Men and Women
B4: Provide numbers of students for each of the following categories as of the institution's official fall reporting date or as of October 13, 2022.
B5: • Note: Report students formerly designated as “first professional” in the graduate cells. For information on reporting study abroad students please see this link.
C6: FULL-TIME | F6: PART-TIME
C7: Men | D7: Women | E7: Another Gender | F7: Men | G7: Women | H7: Another Gender
B8: Undergraduates
B9: Degree-seeking, first-time first-year | C9: 223 | D9: 308
B10: Other first-year, degree-seeking | C10: 9 | D10: 11
B11: All other degree-seeking | C11: 592 | D11: 734
B12: Total degree-seeking | C12: =SUM(C9:C11) -> 824 | D12: =SUM(D9:D11) -> 1053 | E12: =SUM(E9:E11) -> 0 | F12: =SUM(F9:F11) -> 0 | G12: =SUM(G9:G11) -> 0 | H12: =SUM(H9:H11) -> 0
B13: All other undergraduates enrolled in credit courses | F13: 3 | G13: 7
B14: Total undergraduates | C14: =SUM(C12:C13) -> 824 | D14: =SUM(D12:D13) -> 1053 | E14: =SUM(E12:E13) -> 0 | F14: =SUM(F12:F13) -> 3 | G14: =SUM(G12:G13) -> 7 | H14: =SUM(H12:H13) -> 0
B15: Graduate
B16: Degree-seeking, first-time
B17: All other degree-seeking
B18: All other graduates enrolled in credit courses
B19: Total graduate | C19: =SUM(C16:C18) -> 0 | D19: =SUM(D16:D18) -> 0 | E19: =SUM(E16:E18) -> 0 | F19: =SUM(F16:F18) -> 0 | G19: =SUM(G16:G18) -> 0 | H19: =SUM(H16:H18) -> 0
B20: Total all students | C20: =SUM(C14, C19) -> 824 | D20: =SUM(D14, D19) -> 1053 | E20: =SUM(E14, E19) -> 0 | F20: =SUM(F14, F19) -> 3 | G20: =SUM(G14, G19) -> 7 | H20: =SUM(H14, H19) -> 0
B22: Total all undergraduates | C22: =SUM(C14:H14) -> 1887
B23: Total all graduate | C23: =SUM(C19:H19) -> 0
B24: GRAND TOTAL ALL STUDENTS | C24: =SUM(C22:C23) -> 1887
A25: B2 | B25: Enrollment by Racial/Ethnic Category.
B26: Provide numbers of undergraduate students for each of the following categories as of the institution’s official fall reporting date or as of October 13, 2022.
B27: • Include international students only in the category "Nonresidents."
B28: • Complete the “Total Undergraduates” column only if you cannot provide data for the first two columns.
B29: • Report as your institution reports to IPEDS: persons who are Hispanic should be reported only on the Hispanic line, not under any race, and persons who are non-Hispanic multi-racial should be reported only under "Two or more races."
B30: • New guidance from IPEDS for reporting aggregate data:
B31: Racial/ethnic designations are requested only for United States citizens, residents, and other eligible non-citizens. Eligible non-citizens include all students who completed high school or a GED equivalency within the United States (including DACA and undocumented students) and who were not on an F-1 non-immigrant student visa at the time of high school graduation.
B32: More information about other eligible (for financial aid purposes) non-citizens is available at https://studentaid.gov/understandaid/eligibility/requirements/non-us-citizens. Nonresident – A person who is not a citizen or national of the United States and who is in this country on a student visa or temporary basis and does not have the right to remain indefinitely. Do not include DACA, undocumented, or other eligible noncitizens in this category.
B33: NOTE - Nonresidents are to be reported separately, in the boxes provided, rather than included in any of the seven racial/ethnic categories or in race/ethnicity unknown.
D34: Degree-Seeking First-Time First Year | E34: Degree-Seeking Undergraduates (include first-time first-year) | F34: Total Undergraduates (both degree- and non-degree-seeking)
B35: Nonresidents | D35: 53 | E35: 220 | F35: 220
B36: Hispanic/Latino | D36: 45 | E36: 144 | F36: 144
B37: Black or African American, non-Hispanic | D37: 14 | E37: 55 | F37: 55
B38: White, non-Hispanic | D38: 346 | E38: 1246 | F38: 1246
B39: American Indian or Alaska Native, non-Hispanic | D39: 0 | E39: 0 | F39: 0
B40: Asian, non-Hispanic | D40: 32 | E40: 85 | F40: 85
B41: Native Hawaiian or other Pacific Islander, non-Hispanic | D41: 0 | E41: 1 | F41: 1
B42: Two or more races, non-Hispanic | D42: 36 | E42: 102 | F42: 102
B43: Race and/or ethnicity unknown | D43: 5 | E43: 24 | F43: 24
B44: TOTAL | D44: =SUM(D35:D43) -> 531 | E44: =SUM(E35:E43) -> 1877 | F44: =SUM(F35:F43) -> 1877
B46: Persistence
A47: B3 | B47: Number of degrees awarded by your institution from July 1, 2021, to June 30, 2022.
B48: Certificate/diploma
B49: Associate degrees
B50: Bachelor's degrees | C50: 459
B51: Postbachelor's certificates
B52: Master's degrees
B53: Post-Master's certificates
B54: Doctoral degrees – research/scholarship
B55: Doctoral degrees – professional practice
B56: Doctoral degrees – other
B57: B4-B21: Graduation Rates
B58: The items in this section correspond to data elements collected by the IPEDS Web-based Data Collection System’s Graduation Rate Survey (GRS).
B59: • For complete instructions and definitions of data elements, see the IPEDS GRS Forms and Instructions for the 2022-2023 Survey. https://nces.ed.gov/ipeds/use-the-data/survey-components/9/graduation-rates
B60: In the following section for bachelor’s or equivalent programs, please disaggregate the Fall 2015 and Fall 2016 cohorts (formerly CDS B4-B11) into four groups: • Students who received a Federal Pell Grant* • Recipients of a subsidized Stafford Loan who did not receive a Pell Grant • Students who did not receive either a Pell Grant or a subsidized Stafford Loan • Total (all students, regardless of Pell Grant or subsidized loan status) *Students who received both a Federal Pell Grant and a subsidized Stafford Loan should be reported in the "Recipients of a Federal Pell Grant" column. For each graduation rate grid below, the numbers in the first three columns for Questions A-G should sum to the cohort total in the fourth column (formerly CDS B4-B11).
B61: For Bachelor’s or Equivalent Programs
B62: Please provide data for the Fall 2016 cohort if available. If Fall 2016 cohort data are not available, provide data for the Fall 2015 cohort.
B63: Fall 2016 Cohort
C64: Recipients of a Federal Pell Grant | D64: Recipients of a Subsidized Stafford Loan who did not receive a Pell Grant | E64: Students who did not receive either a Pell Grant or a subsidized Stafford Loan | F64: Total (sum of 3 columns to the left)
A66: A | B66: Initial 2016 cohort of first-time, full-time, bachelor's (or equivalent) degree-seeking undergraduate students | C66: 38 | D66: 113 | E66: 274 | F66: =SUM(C66:E66) -> 425
A67: B | B67: Of the initial 2016 cohort, how many did not persist and did not graduate for the following reasons: • Deceased • Permanently Disabled • Armed Forces • Foreign Aid Service of the Federal Government • Official church missions • Report Total Allowable Exclusions | C67: 0 | D67: 0 | E67: 0 | F67: =SUM(C67:E67) -> 0
A68: C | B68: Final 2016 cohort, after adjusting for allowable exclusions | C68: =(C66-C67) -> 38 | D68: =(D66-D67) -> 113 | E68: =(E66-E67) -> 274 | F68: =SUM(C68:E68) -> 425
A69: D | B69: Of the initial 2016 cohort, how many completed the program in four years or less (by Aug. 31, 2020) | C69: 36 | D69: 111 | E69: 262 | F69: =SUM(C69:E69) -> 409
A70: E | B70: Of the initial 2016 cohort, how many completed the program in more than four years but in five years or less (after Aug. 31, 2020 and by Aug. 31, 2021) | C70: 2 | D70: 2 | E70: 11 | F70: =SUM(C70:E70) -> 15
A71: F | B71: Of the initial 2016 cohort, how many completed the program in more than five years but in six years or less (after Aug. 31, 2021 and by Aug. 31, 2022) | C71: 1 | D71: 0 | E71: 1 | F71: =SUM(C71:E71) -> 2
A72: G | B72: Total graduating within six years (sum of lines D, E, and F) | C72: =SUM(C69:C71) -> 39 | D72: =SUM(D69:D71) -> 113 | E72: =SUM(E69:E71) -> 274 | F72: =SUM(F69:F71) -> 426
A73: H | B73: Six-year graduation rate for 2016 cohort (G divided by C) | C73: =C72/C68 -> 1.0263158 | D73: =D72/D68 -> 1 | E73: =E72/E68 -> 1 | F73: =F72/F68 -> 1.0023529
B75: Fall 2015 Cohort
C76: Recipients of a Federal Pell Grant | D76: Recipients of a Subsidized Stafford Loan who did not receive a Pell Grant | E76: Students who did not receive either a Pell Grant or a subsidized Stafford Loan | F76: Total (sum of 3 columns to the left)
A78: A | B78: Initial 2015 cohort of first-time, full-time, bachelor's (or equivalent) degree-seeking undergraduate students | F78: =SUM(C78:E78) -> 0
A79: B | B79: Of the initial 2015 cohort, how many did not persist and did not graduate for the following reasons: • Deceased • Permanently Disabled • Armed Forces • Foreign Aid Service of the Federal Government • Official church missions • Report Total Allowable Exclusions | F79: =SUM(C79:E79) -> 0
A80: C | B80: Final 2015 cohort, after adjusting for allowable exclusions | C80: =(C78-C79) -> #VALUE! | D80: =(D78-D79) -> #VALUE! | E80: =(E78-E79) -> #VALUE! | F80: =SUM(C80:E80) -> #VALUE!
A81: D | B81: Of the initial 2015 cohort, how many completed the program in four years or less (by Aug. 31, 2019) | F81: =SUM(C81:E81) -> 0
A82: E | B82: Of the initial 2015 cohort, how many completed the program in more than four years but in five years or less (after Aug. 31, 2019 and by Aug. 31, 2020) | F82: =SUM(C82:E82) -> 0
A83: F | B83: Of the initial 2015 cohort, how many completed the program in more than five years but in six years or less (after Aug. 31, 2020 and by Aug. 31, 2021) | F83: =SUM(C83:E83) -> 0
A84: G | B84: Total graduating within six years (sum of lines D, E, and F) | C84: =SUM(C81:C83) -> 0 | D84: =SUM(D81:D83) -> 0 | E84: =SUM(E81:E83) -> 0 | F84: =SUM(C84:E84) -> 0
A85: H | B85: Six-year graduation rate for 2015 cohort (G divided by C) | C85: =C84/C80 -> #VALUE! | D85: =D84/D80 -> #VALUE! | E85: =E84/E80 -> #VALUE! | F85: =F84/F80 -> #VALUE!
B86: For Two-Year Institutions
B87: Please provide data for the 2019 cohort if available. If 2019 cohort data are not available, provide data for the 2018 cohort.
E88: 2019 Cohort | F88: 2018 Cohort
A89: B12 | B89: Initial cohort, total of first-time, full-time degree/certificate-seeking students:
A90: B13 | B90: Of the initial cohort, how many did not persist and did not graduate for the following reasons: • Death • Permanently Disability • Service in the armed forces, • Foreign aid service of the federal government • Official church missions • Report total allowable exclusions
A91: B14 | B91: Final cohort, after adjusting for allowable exclusions: | E91: =E89-E90 -> 0 | F91: =F89-F90 -> 0
A92: B15 | B92: Completers of programs of less than two years duration (total):
A93: B16 | B93: Completers of programs of less than two years within 150 percent of normal time:
A94: B17 | B94: Completers of programs of at least two but less than four years (total):
A95: B18 | B95: Completers of programs of at least two but less than four-years within 150 percent of normal time:
A96: B19 | B96: Total transfers-out (within three years) to other institutions:
A97: B20 | B97: Total transfers to two-year institutions:
A98: B21 | B98: Total transfers to four-year institutions:
B99: B22. Retention Rates
B100: Report for the cohort of all full-time, first-time bachelor’s (or equivalent) degree-seeking undergraduate students who entered in Fall 2021 (or the preceding summer term).
B101: • The initial cohort may be adjusted for students who departed for the following reasons:
B102: * Death * Permanent Disability * Service in the armed forces * Foreign aid service of the federal government * Official church missions * No other adjustments to the initial cohort should be made.
A103: B22 | B103: For the cohort of all full-time bachelor’s (or equivalent) degree-seeking undergraduate students who entered your institution as freshmen in Fall 2021 (or the preceding summer term), what percentage was enrolled at your institution as of the date your institution calculates its official enrollment in Fall 2022. | F103: 0.907

Sheet CDS-C
A1: C. FIRST-TIME, FIRST-YEAR ADMISSION
B2: C1-C2: Applications
A3: C1 | B3: First-time, first-year students: Provide the number of degree-seeking, first-time, first-year students who applied, were admitted, and enrolled (full- or part-time) in Fall 2022.
B5: • Include early decision, early action, and students who began studies during summer in this cohort.
B6: • Applicants should include only those students who fulfilled the requirements for consideration for admission (i.e., who completed actionable applications) and who have been notified of one of the following actions: admission, non-admission, placement on waiting list, or application withdrawn (by applicant or institution).
B7: • Since the total may include students who did not provide gender data, the detail need not sum to the total.
B8: • If your institution collects and reports non-binary gender data, please use the "Another Gender" category.
B9: • Note that recent high school graduates and other students without prior postsecondary experience will still be considered "first-time students" for fall enrollment reporting purposes even if they enrolled in the summer prior to fall enrollment.
B11: Total first-time, first-year men who applied | E11: 3611
B12: Total first-time, first-year women who applied | E12: 4505
B13: Total first-time, first-year of another gender who applied
B15: Total first-time, first-year men who were admitted | E15: 1052
B16: Total first-time, first-year women who were admitted | E16: 1732
B17: Total first-time, first-year of another gender who were admitted
B19: Total full-time, first-time, first-year men who enrolled | E19: 221
B20: Total part-time, first-time, first-year men who enrolled
B22: Total full-time, first-time, first-year women who enrolled | E22: 310
B23: Total part-time, first-time, first-year women who enrolled
B25: Total full-time, first-time, first-year of another gender who enrolled
B26: Total part-time, first-time, first-year of another gender who enrolled
B28: Total first-time, first-year (degree-seeking) who applied | E28: 8116
B29: Total first-time, first-year (degree-seeking) who were admitted | E29: 2784
B30: Total first-time, first-year (degree-seeking) who enrolled | E30: 531
A32: C2 | B32: First-time, first-year wait-listed students
B33: Students who met admission requirements but whose final admission was contingent on space availability
B36: Do you have a policy of placing students on a waiting list? | D36: Yes or No | E36: Yes | H36: {=_xlfn.IFS($E$36="YES", "Yes", $E$36="yes", "Yes", $E$36="Yes", "Yes", $E$36="NO", "No", $E$36="no", "No", $E$36="No", "No")} -> Yes
B38: If yes, please answer the questions below for Fall 2022 admissions:
B40: WAITING LIST | E40: TOTAL
B41: Number of qualified applicants offered a place on waiting list: | E41: 2165
B42: Number accepting a place on the waiting list: | E42: 1172
B43: CDS | E43: 23
B45: Is your waiting list ranked? | D45: Yes or No | E45: No | H45: {=_xlfn.IFS($E$45="YES", "Yes", $E$45="yes", "Yes", $E$45="Yes", "Yes", $E$45="NO", "No", $E$45="no", "No", $E$45="No", "No")} -> No
B46: If yes, do you release that information to students? | D46: Yes or No | H46: {=_xlfn.IFS($E$46="YES", "Yes", $E$46="yes", "Yes", $E$46="Yes", "Yes", $E$46="NO", "No", $E$46="no", "No", $E$46="No", "No")} -> #N/A
B47: Do you release that information to school counselors? | D47: Yes or No | H47: {=_xlfn.IFS($E$47="YES", "Yes", $E$47="yes", "Yes", $E$47="Yes", "Yes", $E$47="NO", "No", $E$47="no", "No", $E$47="No", "No")} -> #N/A
B49: C3-C5: Admission Requirements
A50: C3 | B50: High school completion requirement
B51: Select your high school completion requirement for degree-seeking entering students:
F52: High school diploma is required and GED is accepted | G52: 1
F53: High school diploma is required and GED is not accepted
F54: High school diploma or equivalent is not required
A59: C4 | B59: Does your institution require or recommend a general college-preparatory program for degree-seeking students?
F60: Require | G60: 1
F61: Recommend
F62: Neither require nor recommend
B64: C6-C7: Basis for Selection
A65: C6 | B65: Do you have an open admission policy, under which virtually all secondary school graduates or students with GED equivalency diplomas are admitted without regard to academic record, test scores, or other qualifications? If so, check which applies:
B66: Open admission policy as described above for all students | H66: FALSE | I66: {=_xlfn.IFS(H66=TRUE, "Open admission policy as described above for all students", H66=FALSE, "")} | K66: =_xlfn.CONCAT($I$66:$I$70)
B67: Open admission policy as described above for most students, but--
B68: selective admission for out-of-state students | H68: FALSE | I68: {=_xlfn.IFS(H68=TRUE, "Open admission policy as described above for most students, but selective admission for out-of-state students", H68=FALSE, "")}
B69: selective admission to some programs | H69: FALSE | I69: {=_xlfn.IFS(H69=TRUE, "Open admission policy as described above for most students, but selective admission to some programs", H69=FALSE, "")}
B70: other (explain): | H70: FALSE | I70: {=_xlfn.IFS(H70=TRUE, "Other", H70=FALSE, "")}
A73: C7 | B73: Relative importance of each of the following academic and nonacademic factors in your first-time, first-year, degree-seeking general (not including programs with specific criteria) admission decisions.
C74: Very Important | D74: Important | E74: Considered | F74: Not Considered
B75: Academic
B76: Rigor of secondary school record | H76: 1 | I76: {=_xlfn.IFS($H$76=1,"Very Important",$H$76=2,"Important",$H$76=3,"Considered",$H$76=4,"Not Considered")} -> Very Important
B77: Class rank | H77: 2 | I77: {=_xlfn.IFS($H$77=1,"Very Important",$H$77=2,"Important",$H$77=3,"Considered",$H$77=4,"Not Considered")} -> Important
B78: Academic GPA | H78: 1 | I78: {=_xlfn.IFS($H$78=1,"Very Important",$H$78=2,"Important",$H$78=3,"Considered",$H$78=4,"Not Considered")} -> Very Important
B79: Standardized test scores | H79: 2 | I79: {=_xlfn.IFS($H$79=1,"Very Important",$H$79=2,"Important",$H$79=3,"Considered",$H$79=4,"Not Considered")} -> Important
B80: Application Essay | H80: 1 | I80: {=_xlfn.IFS($H$80=1,"Very Important",$H$80=2,"Important",$H$80=3,"Considered",$H$80=4,"Not Considered")} -> Very Important
B81: Recommendation(s) | H81: 1 | I81: {=_xlfn.IFS($H$81=1,"Very Important",$H$81=2,"Important",$H$81=3,"Considered",$H$81=4,"Not Considered")} -> Very Important
B82: Nonacademic
B83: Interview | H83: 2 | I83: {=_xlfn.IFS($H$83=1,"Very Important",$H$83=2,"Important",$H$83=3,"Considered",$H$83=4,"Not Considered")} -> Important
B84: Extracurricular activities | H84: 2 | I84: {=_xlfn.IFS($H$84=1,"Very Important",$H$84=2,"Important",$H$84=3,"Considered",$H$84=4,"Not Considered")} -> Important
B85: Talent/ability | H85: 2 | I85: {=_xlfn.IFS($H$85=1,"Very Important",$H$85=2,"Important",$H$85=3,"Considered",$H$85=4,"Not Considered")} -> Important
B86: Character/personal qualities | H86: 2 | I86: {=_xlfn.IFS($H$86=1,"Very Important",$H$86=2,"Important",$H$86=3,"Considered",$H$86=4,"Not Considered")} -> Important
B87: First generation | H87: 3 | I87: {=_xlfn.IFS($H$87=1,"Very Important",$H$87=2,"Important",$H$87=3,"Considered",$H$87=4,"Not Considered")} -> Considered
B88: Alumni/ae relation | H88: 3 | I88: {=_xlfn.IFS($H$88=1,"Very Important",$H$88=2,"Important",$H$88=3,"Considered",$H$88=4,"Not Considered")} -> Considered
B89: Geographical residence | H89: 3 | I89: {=_xlfn.IFS($H$89=1,"Very Important",$H$89=2,"Important",$H$89=3,"Considered",$H$89=4,"Not Considered")} -> Considered
B90: State residency | H90: 3 | I90: {=_xlfn.IFS($H$90=1,"Very Important",$H$90=2,"Important",$H$90=3,"Considered",$H$90=4,"Not Considered")} -> Considered
B91: Religious affiliation/commitment | H91: 4 | I91: {=_xlfn.IFS($H$91=1,"Very Important",$H$91=2,"Important",$H$91=3,"Considered",$H$91=4,"Not Considered")} -> Not Considered
B92: Racial/ethnic status | H92: 3 | I92: {=_xlfn.IFS($H$92=1,"Very Important",$H$92=2,"Important",$H$92=3,"Considered",$H$92=4,"Not Considered")} -> Considered
B93: Volunteer work | H93: 3 | I93: {=_xlfn.IFS($H$93=1,"Very Important",$H$93=2,"Important",$H$93=3,"Considered",$H$93=4,"Not Considered")} -> Considered
B94: Work experience | H94: 3 | I94: {=_xlfn.IFS($H$94=1,"Very Important",$H$94=2,"Important",$H$94=3,"Considered",$H$94=4,"Not Considered")} -> Considered
B95: Level of applicant’s interest | H95: 2 | I95: {=_xlfn.IFS($H$95=1,"Very Important",$H$95=2,"Important",$H$95=3,"Considered",$H$95=4,"Not Considered")} -> Important
B97: Please provide additional information if the importance of any specific academic or nonacademic factors differ by academic program.
B102: C8: SAT and ACT Policies
B103: Entrance exams
E104: Yes or No
B105: Does your institution make use of SAT, ACT, or SAT Subject Test scores in admission decisions for first-time, first-year, degree-seeking applicants? | E105: Yes | H105: {=_xlfn.IFS($E$105="YES", "Yes", $E$105="yes", "Yes", $E$105="Yes", "Yes", $E$105="NO", "No", $E$105="no", "No", $E$105="No", "No")} -> Yes
A107: C8A | B107: If yes, place check marks in the appropriate boxes below to reflect your institution’s policies for use in admission for Fall 2023.
C108: ADMISSION
C109: Require | D109: Recommend | E109: Require for Some | F109: Consider if Submitted | G109: Not Considered
B110: SAT or ACT | J110: FALSE | K110: FALSE | L110: FALSE | M110: TRUE | N110: FALSE | O110: {=_xlfn.IFS($J$110=TRUE, "Require|", $J$110=FALSE, "")} | P110: {=_xlfn.IFS($K$110=TRUE, "Recommend|", $K$110=FALSE, "")} | Q110: {=_xlfn.IFS($L$110=TRUE, "Require for Some|", $L$110=FALSE, "")} | R110: {=_xlfn.IFS($M$110=TRUE, "Consider if Submitted|", $M$110=FALSE, "")} -> Consider if Submitted| | S110: {=_xlfn.IFS($N$110=TRUE, "Not Considered", $N$110=FALSE, "")} | U110: =_xlfn.CONCAT($O$110:$S$110) -> Consider if Submitted|
B111: ACT Only | J111: FALSE | K111: FALSE | L111: FALSE | M111: FALSE | N111: FALSE | O111: {=_xlfn.IFS($J$111=TRUE, "Require|", $J$111=FALSE, "")} | P111: {=_xlfn.IFS($K$111=TRUE, "Recommend|", $K$111=FALSE, "")} | Q111: {=_xlfn.IFS($L$111=TRUE, "Require for Some|", $L$111=FALSE, "")} | R111: {=_xlfn.IFS($M$111=TRUE, "Consider if Submitted|", $M$111=FALSE, "")} | S111: {=_xlfn.IFS($N$111=TRUE, "Not Considered", $N$111=FALSE, "")} | U111: =_xlfn.CONCAT($O$111:$S$111)
B112: SAT Only | J112: FALSE | K112: FALSE | L112: FALSE | M112: FALSE | N112: FALSE | O112: {=_xlfn.IFS($J$112=TRUE, "Require|", $J$112=FALSE, "")} | P112: {=_xlfn.IFS($K$112=TRUE, "Recommend|", $K$112=FALSE, "")} | Q112: {=_xlfn.IFS($L$112=TRUE, "Require for Some|", $L$112=FALSE, "")} | R112: {=_xlfn.IFS($M$112=TRUE, "Consider if Submitted|", $M$112=FALSE, "")} | S112: {=_xlfn.IFS($N$112=TRUE, "Not Considered", $N$112=FALSE, "")} | U112: =_xlfn.CONCAT($O$112:$S$112)
B113: SAT and SAT Subject Tests or ACT | J113: FALSE | K113: FALSE | L113: FALSE | M113: FALSE | N113: FALSE | O113: {=_xlfn.IFS($J$113=TRUE, "Require|", $J$113=FALSE, "")} | P113: {=_xlfn.IFS($K$113=TRUE, "Recommend|", $K$113=FALSE, "")} | Q113: {=_xlfn.IFS($L$113=TRUE, "Require for Some|", $L$113=FALSE, "")} | R113: {=_xlfn.IFS($M$113=TRUE, "Consider if Submitted|", $M$113=FALSE, "")} | S113: {=_xlfn.IFS($N$113=TRUE, "Not Considered", $N$113=FALSE, "")} | U113: =_xlfn.CONCAT($O$113:$S$113)
B114: SAT Subject Tests | J114: FALSE | K114: FALSE | L114: FALSE | M114: FALSE | N114: TRUE | O114: {=_xlfn.IFS($J$114=TRUE, "Require|", $J$114=FALSE, "")} | P114: {=_xlfn.IFS($K$114=TRUE, "Recommend|", $K$114=FALSE, "")} | Q114: {=_xlfn.IFS($L$114=TRUE, "Require for Some|", $L$114=FALSE, "")} | R114: {=_xlfn.IFS($M$114=TRUE, "Consider if Submitted|", $M$114=FALSE, "")} | S114: {=_xlfn.IFS($N$114=TRUE, "Not Considered", $N$114=FALSE, "")} -> Not Considered | U114: =_xlfn.CONCAT($O$114:$S$114) -> Not Considered
A116: C8B | B116: If your institution will make use of the ACT in admission decisions for first-time, first-year, degree-seeking applicants for Fall 2023 please indicate which ONE of the following applies (regardless of whether the writing score will be used in the admissions process):
B118: ACT with writing required
B119: ACT with writing recommended | I119: 3 | J119: {=_xlfn.IFS(I119=1, "ACT with writing required", I119=2, "ACT with writing recommended", I119=3, "ACT with or without writing accepted")} -> ACT with or without writing accepted | Q119: ACT with writing required
B120: ACT with or without writing accepted | Q120: ACT with writing recommended
Q121: ACT with or without writing accepted
A122: C8B | B122: If your institution will make use of the SAT in admission decisions for first-time, first-year, degree-seeking applicants for Fall 2023 please indicate which ONE of the following applies (regardless of whether the Essay score will be used in the admissions process):
B126: SAT with Essay component required | I126: 3 | J126: {=_xlfn.IFS($I$126=1, "SAT with Essay component required", $I$126=2, "SAT with ESSAY component recommended", $I$126=3, "SAT with or without Essay component accepted")} -> SAT with or without Essay component accepted | Q126: SAT with Essay component required
B127: SAT with Essay component recommended | Q127: SAT with Essay component recommended
B128: SAT with or without Essay component accepted | Q128: SAT with or without Essay component accepted
A130: C8C | B130: Please indicate how your institution will use the SAT or ACT essay component; check all that apply.
C131: SAT essay | D131: ACT essay
B132: For admission | F132: FALSE | G132: FALSE | H132: =IF(F132=TRUE, "|For admission","|") -> | | I132: =IF(G132=TRUE, "|For admission","|") -> |
B133: For placement | F133: FALSE | G133: FALSE | H133: =IF(F133=TRUE, "|For placement","|") -> | | I133: =IF(G133=TRUE, "|For placement","|") -> |
...

Sheet CDS-D
A1: D. TRANSFER ADMISSION
B3: D1-D2: Fall Applicants
E4: Yes or No
A5: D1 | B5: Does your institution enroll transfer students? (If no, please skip to Section E) | E5: Yes | K5: {=_xlfn.IFS($E$5="YES", "Yes", $E$5="yes", "Yes", $E$5="Yes", "Yes", $E$5="NO", "No", $E$5="no", "No", $E$5="No", "No")} -> Yes
B6: If yes, may transfer students earn advanced standing credit by transferring credits earned from course work completed at other colleges/universities? | E6: Yes | K6: {=_xlfn.IFS($E$6="YES", "Yes", $E$6="yes", "Yes", $E$6="Yes", "Yes", $E$6="NO", "No", $E$6="no", "No", $E$6="No", "No")} -> Yes
A8: D2 | B8: Provide the number of students who applied, were admitted, and enrolled as degree-seeking transfer students in Fall 2022.
B9: If your institution collects and reports non-binary gender data, please use the “Another Gender” category.
C11: Applicants | D11: Admitted Applicants | E11: Enrolled Applicants
B12: Men | C12: 67 | D12: 19 | E12: 9
B13: Women | C13: 66 | D13: 25 | E13: 11
B14: Another Gender
B15: Total | C15: =SUM(C12:C14) -> 133 | D15: =SUM(D12:D14) -> 44 | E15: =SUM(E12:E14) -> 20
B17: D3-D11: Application for Admission
A18: D3 | B18: Indicate terms for which transfers may enroll:
B20: Fall | C20: TRUE | K20: {=_xlfn.IFS($C$20=TRUE, "Fall|", $C$20=FALSE, "")} -> Fall|
B21: Winter | C21: FALSE | K21: {=_xlfn.IFS($C$21=TRUE, "Winter|", $C$21=FALSE, "")}
B22: Spring | C22: TRUE | K22: {=_xlfn.IFS($C$22=TRUE, "Spring|", $C$22=FALSE, "")} -> Spring|
B23: Summer | C23: FALSE | K23: {=_xlfn.IFS($C$23=TRUE, "Summer|", $C$23=FALSE, "")}
E24: Yes or No
A25: D4 | B25: Must a transfer applicant have a minimum number of credits completed or else must apply as an entering freshman? | E25: No | K25: {=_xlfn.IFS(E25="YES", "Yes", E25="yes", "Yes", E25="Yes", "Yes", E25="NO", "No", E25="no", "No", E25="No", "No")} -> No
B26: If yes, what is the minimum number of credits and the unit of measure?
A28: D5 | B28: Indicate all items required of transfer students to apply for admission:
C30: Required of All | D30: Recommended of All | E30: Recommended of Some | F30: Required of Some | G30: Not Required
B31: High school transcript | H31: 1 | K31: {=_xlfn.IFS($H$31=1, "Required of All", $H$31=2, "Recommended of All", $H$31=3, "Recommended of Some", $H$31=4, "Required of Some", $H$31=5, "Not Required")} -> Required of All
B32: College transcript(s) | H32: 1 | K32: {=_xlfn.IFS($H$32=1, "Required of All", $H$32=2, "Recommended of All", $H$32=3, "Recommended of Some", $H$32=4, "Required of Some", $H$32=5, "Not Required")} -> Required of All
B33: Essay or personal statement | H33: 1 | K33: {=_xlfn.IFS($H$33=1, "Required of All", $H$33=2, "Recommended of All", $H$33=3, "Recommended of Some", $H$33=4, "Required of Some", $H$33=5, "Not Required")} -> Required of All
B34: Interview | H34: 2 | K34: {=_xlfn.IFS($H$34=1, "Required of All", $H$34=2, "Recommended of All", $H$34=3, "Recommended of Some", $H$34=4, "Required of Some", $H$34=5, "Not Required")} -> Recommended of All
B35: Standardized test scores | H35: 1 | K35: {=_xlfn.IFS($H$35=1, "Required of All", $H$35=2, "Recommended of All", $H$35=3, "Recommended of Some", $H$35=4, "Required of Some", $H$35=5, "Not Required")} -> Required of All
B36: Statement of good standing from prior institution(s) | H36: 1 | K36: {=_xlfn.IFS($H$36=1, "Required of All", $H$36=2, "Recommended of All", $H$36=3, "Recommended of Some", $H$36=4, "Required of Some", $H$36=5, "Not Required")} -> Required of All
A38: D6 | B38: If a minimum high school grade point average is required of transfer applicants, specify (on a 4.0 scale): | E38: 0
A40: D7 | B40: If a minimum college grade point average is required of transfer applicants, specify (on a 4.0 scale): | E40: 3
A42: D8 | B42: List any other application requirements specific to transfer applicants:
A45: D9 | B45: List application priority, closing, notification, and candidate reply dates for transfer students. If applications are reviewed on a continuous or rolling basis, place a check mark in the “Rolling admission” column. | H45: Fall - Rolling Admission | I45: Winter - Rolling Admission | J45: Spring - Rolling Admission | K45: Summer - Rolling Admission
A46: D9 | C46: Priority Date | D46: Closing Date | E46: Notification Date | F46: Reply Date | G46: Rolling Admission | H46: FALSE | I46: FALSE | J46: FALSE | K46: FALSE
A47: D9 | B47: Fall | C47: 44287 | D47: 44287 | E47: 44317 | F47: 44347
A48: D9 | B48: Winter
A49: D9 | B49: Spring
A50: D9 | B50: Summer
E54: Yes or No
A55: D10 | B55: Does an open admission policy, if reported, apply to transfer students? | K55: {=_xlfn.IFS($E$55="yes","Yes",$E$55="YES","Yes",$E$55="Yes","Yes",$E$55="NO","No",$E$55="no","No",$E$55="No","No")} -> #N/A
A57: D11 | B57: Describe additional requirements for transfer admission, if applicable:
B60: D12-D17: Transfer Credit Policies
A61: D12 | B61: Report the lowest grade earned for any course that may be transferred for credit:
E63: Number | F63: Unit Type
A64: D13 | B64: Maximum number of credits or courses that may be transferred from a two-year institution: | E64: 64 | F64: Semester
E66: Number | F66: Unit Type
A67: D14 | B67: Maximum number of credits or courses that may be transferred from a four-year institution: | E67: 64 | F67: Semester
E69: Number | F69: Unit Type
A70: D15 | B70: Minimum number of credits that transfers must complete at your institution to earn an associate degree:
E72: Number | F72: Unit Type
A73: D16 | B73: Minimum number of credits that transfers must complete at your institution to earn a bachelor’s degree: | E73: 64 | F73: Semester
A75: D17 | B75: Describe other transfer credit policies:
B78: D18-D22: Military Service Transfer Credit Policies
A79: D18 | B79: Does your institution accept the following military/veteran transfer credits:
E81: Yes or No
B82: American Council on Education (ACE) | K82: {=_xlfn.IFS(E82="YES", "Yes", E82="yes", "Yes", E82="Yes", "Yes", E82="NO", "No", E82="no", "No", E82="No", "No")} -> #N/A
B83: College Level Examination Program (CLEP) | K83: {=_xlfn.IFS(E83="YES", "Yes", E83="yes", "Yes", E83="Yes", "Yes", E83="NO", "No", E83="no", "No", E83="No", "No")} -> #N/A
B84: DANTES Subject Standardized Tests (DSST) | K84: {=_xlfn.IFS(E84="YES", "Yes", E84="yes", "Yes", E84="Yes", "Yes", E84="NO", "No", E84="no", "No", E84="No", "No")} -> #N/A
E86: Number | F86: Unit Type
A87: D19 | B87: Maximum number of credits or courses that may be transferred based on military education evaluated by the American Council on Education (ACE):
E91: Number | F91: Unit Type
A92: D20 | B92: Maximum number of credits or courses that may be transferred based on Department of Defense supported prior learning assessments (College Level Examination Program (CLEP) or DANTES Subject Standardized Tests (DSST)):
E97: Yes or No
A98: D21 | B98: Are the military/veteran credit transfer policies published on your website? | K98: {=_xlfn.IFS(E98="YES", "Yes", E98="yes", "Yes", E98="Yes", "Yes", E98="NO", "No", E98="no", "No", E98="No", "No")} -> #N/A
B101: If yes, please provide the URL where the policy can be located:
A104: D22 | B104: Describe other military/veteran transfer credit policies unique to your institution:

Sheet CDS-E
A1: E. ACADEMIC OFFERINGS AND POLICIES
A3: E1 | B3: Special study options: Identify those programs available at your institution. Refer to the glossary for definitions.
B5: Accelerated program | C5: FALSE | E5: {=_xlfn.IFS($C$5= TRUE, "Accelerated program|",$C$5=FALSE, " ")}
B6: Comprehensive transition and possecondary program for students with intellectual disabilities | C6: FALSE | E6: {=_xlfn.IFS($C$6= TRUE, "Comprehensive transition and possecondary program for students with intellectual disabilities|",$C$6=FALSE, " ")}
B7: Cross-registration | C7: FALSE | E7: {=_xlfn.IFS($C$7= TRUE, "Cross-registration| ",$C$7=FALSE, " ")}
B8: Distance learning | C8: FALSE | E8: {=_xlfn.IFS($C$8= TRUE, "Distance learning|",$C$8=FALSE, " ")}
B9: Double major | C9: FALSE | E9: {=_xlfn.IFS($C$9= TRUE, "Double major| ",$C$9=FALSE, " ")}
B10: Dual enrollment | C10: FALSE | E10: {=_xlfn.IFS($C$10= TRUE, "Dual enrollment|",$C$10=FALSE, " ")}
B11: English as a Second Language (ESL) | C11: FALSE | E11: {=_xlfn.IFS($C$11= TRUE, "English as a Second Language (ESL)|",$C$11=FALSE, " ")}
B12: Exchange student program (domestic) | C12: FALSE | E12: {=_xlfn.IFS($C$12= TRUE, "Exchange student program (domestic)|",$C$12=FALSE, " ")}
B13: External degree program | C13: FALSE | E13: {=_xlfn.IFS($C$13= TRUE, "External degree program|",$C$13=FALSE, " ")}
B14: Honors Program | C14: TRUE | E14: {=_xlfn.IFS($C$14= TRUE, "Honors program|",$C$14=FALSE, " ")} -> Honors program|
B15: Independent study | C15: TRUE | E15: {=_xlfn.IFS($C$15= TRUE, "Independent study|",$C$15=FALSE, " ")} -> Independent study|
B16: Internships | C16: TRUE | E16: {=_xlfn.IFS($C$16= TRUE, "Internships|",$C$16=FALSE, " ")} -> Internships|
B17: Liberal arts/career combination | C17: FALSE | E17: {=_xlfn.IFS($C$17= TRUE, "Liberal arts/career combination|",$C$17=FALSE, " ")}
B18: Student-designed major | C18: TRUE | E18: {=_xlfn.IFS($C$18= TRUE, "Student-designed major|",$C$18=FALSE, " ")} -> Student-designed major|
B19: Study abroad | C19: TRUE | E19: {=_xlfn.IFS($C$19= TRUE, "Study abroad|",$C$19=FALSE, " ")} -> Study abroad|
B20: Teacher certification program | C20: FALSE | E20: {=_xlfn.IFS($C$20= TRUE, "Teacher certification program|",$C$20=FALSE, " ")}
B21: Weekend college | C21: FALSE | E21: {=_xlfn.IFS($C$21= TRUE, "Weekend college|",$C$21=FALSE, " ")}
B22: Undergraduate research | C22: FALSE | E22: {=_xlfn.IFS($C$22= TRUE, "Undergraduate research|",$C$22=FALSE, " ")}
B23: Other (specify): | C23: FALSE | E23: {=_xlfn.IFS($C$23= TRUE, "Other (specify)|",$C$23=FALSE, " ")}
A26: E2 | B26: Has been removed from the CDS.
A28: E3 | B28: Areas in which all or most students are required to complete some course work prior to graduation:
B29: Arts/Fine Arts | C29: TRUE | E29: {=_xlfn.IFS(C29= TRUE, "Arts/fine arts|",C29=FALSE, " ")} -> Arts/fine arts|
B30: Computer literacy | C30: FALSE | E30: {=_xlfn.IFS(C30= TRUE, "Computer literacy|",C30=FALSE, " ")}
B31: English (including composition) | C31: TRUE | E31: {=_xlfn.IFS(C31= TRUE, "English (including composition)|",C31=FALSE, " ")} -> English (including composition)|
B32: Foreign languages | C32: TRUE | E32: {=_xlfn.IFS(C32= TRUE, "Foreign languages|",C32=FALSE, " ")} -> Foreign languages|
B33: History | C33: FALSE | E33: {=_xlfn.IFS(C33= TRUE, "History|",C33=FALSE, " ")}
B34: Humanities | C34: TRUE | E34: {=_xlfn.IFS(C34= TRUE, "Humanities|",C34=FALSE, " ")} -> Humanities|
B35: Intensive writing | C35: FALSE | E35: {=_xlfn.IFS(C35= TRUE, "Intensive writing|",C35=FALSE, " ")}
B36: Mathematics | C36: FALSE | E36: {=_xlfn.IFS(C36= TRUE, "Mathematics|",C36=FALSE, " ")}
B37: Philosophy | C37: FALSE | E37: {=_xlfn.IFS(C37= TRUE, "Philosophy|",C37=FALSE, " ")}
B38: Physical Education | C38: FALSE | E38: {=_xlfn.IFS(C38= TRUE, "Physical Education|",C38=FALSE, " ")}
B39: Sciences (biological or physical) | C39: TRUE | E39: {=_xlfn.IFS(C39= TRUE, "Sciences (biological or physical)|",C39=FALSE, " ")} -> Sciences (biological or physical)|
B40: Social science | C40: TRUE | E40: {=_xlfn.IFS(C40= TRUE, "Social science|",C40=FALSE, " ")} -> Social science|
B41: Other (describe): | C41: TRUE | E41: {=_xlfn.IFS(C41= TRUE, "Other|",C41=FALSE, " ")} -> Other|
B42: quantitative reasoning

Sheet CDS-F
A1: F. STUDENT LIFE
A3: F1 | B3: Percentages of first-time, first-year (freshman) degree-seeking students and degree-seeking undergraduates enrolled in Fall 2021 who fit the following categories:
D4: FALSE | E4: First-time, first-year (freshman) students | F4: Undergraduates
B5: Percent who are from out of state (exclude international/nonresident aliens from the numerator and denominator) | E5: 0 | F5: 0
B6: Percent of men who join fraternities | E6: 0 | F6: 0
B7: Percent of women who join sororities | E7: 0 | F7: 0
B8: Percent who live in college-owned, -operated, or -affiliated housing | E8: 0 | F8: 0
B9: Percent who live off campus or commute | E9: 0 | F9: 0
B10: Percent of students age 25 and older | E10: 0 | F10: 0
B11: Average age of full-time students | E11: 0 | F11: 0
B12: Average age of all students (full- and part-time) | E12: 1 | F12: 1
A14: F2 | B14: Activities offered. Identify those programs available at your institution.
B16: Campus Ministries | D16: TRUE | L16: {=_xlfn.IFS($D$16=TRUE, "Campus Ministries|", $D$16=FALSE, "")} -> Campus Ministries|
B17: Choral groups | D17: TRUE | L17: {=_xlfn.IFS($D$17=TRUE, "Choral groups|", $D$17=FALSE, "")} -> Choral groups|
B18: Concert band | D18: TRUE | L18: {=_xlfn.IFS($D$18=TRUE, "Concert band|", $D$18=FALSE, "")} -> Concert band|
B19: Dance | D19: TRUE | L19: {=_xlfn.IFS($D$19=TRUE, "Dance|", $D$19=FALSE, "")} -> Dance|
B20: Drama/theater | D20: TRUE | L20: {=_xlfn.IFS($D$20=TRUE, "Drama/theater|", $D$20=FALSE, "")} -> Drama/theater|
B21: International Student Organization | D21: TRUE | L21: {=_xlfn.IFS($D$21=TRUE, "International Student Organization|", $D$21=FALSE, "")} -> International Student Organization|
B22: Jazz band | D22: TRUE | L22: {=_xlfn.IFS($D$22=TRUE, "Jazz band|", $D$22=FALSE, "")} -> Jazz band|
B23: Literary magazine | D23: TRUE | L23: {=_xlfn.IFS($D$23=TRUE, "Literary magazine|", $D$23=FALSE, "")} -> Literary magazine|
B24: Marching band | D24: FALSE | L24: {=_xlfn.IFS($D$24=TRUE, "Marching band|", $D$24=FALSE, "")}
B25: Model UN | D25: FALSE | L25: {=_xlfn.IFS($D$25=TRUE, "Model UN|", $D$25=FALSE, "")}
B26: Music ensembles | D26: TRUE | L26: {=_xlfn.IFS($D$26=TRUE, "Music ensembles|", $D$26=FALSE, "")} -> Music ensembles|
B27: Musical theater | D27: TRUE | L27: {=_xlfn.IFS($D$27=TRUE, "Musical theater|", $D$27=FALSE, "")} -> Musical theater|
B28: Opera | D28: TRUE | L28: {=_xlfn.IFS($D$28=TRUE, "Opera|", $D$28=FALSE, "")} -> Opera|
B29: Pep band | D29: TRUE | L29: {=_xlfn.IFS($D$29=TRUE, "Pep band|", $D$29=FALSE, "")} -> Pep band|
B30: Radio station | D30: TRUE | L30: {=_xlfn.IFS($D$30=TRUE, "Radio station|", $D$30=FALSE, "")} -> Radio station|
B31: Student government | D31: TRUE | L31: {=_xlfn.IFS($D$31=TRUE, "Student government|", $D$31=FALSE, "")} -> Student government|
B32: Student newspaper | D32: TRUE | L32: {=_xlfn.IFS($D$32=TRUE, "Student newspaper|", $D$32=FALSE, "")} -> Student newspaper|
B33: Student-run film society | D33: TRUE | L33: {=_xlfn.IFS($D$33=TRUE, "Student-run film society|", $D$33=FALSE, "")} -> Student-run film society|
B34: Symphony orchestra | D34: TRUE | L34: {=_xlfn.IFS($D$34=TRUE, "Symphony orchestra|", $D$34=FALSE, "")} -> Symphony orchestra|
B35: Television station | D35: FALSE | L35: {=_xlfn.IFS($D$35=TRUE, "Television station|", $D$35=FALSE, "")}
B36: Yearbook | D36: FALSE | L36: {=_xlfn.IFS($D$36=TRUE, "Yearbook|", $D$36=FALSE, "")}
A38: F3 | B38: ROTC (program offered in cooperation with Reserve Officers' Training Corps)
C39: Marine Option | D39: On Campus | E39: At Cooperating Institution | F39: Name of Cooperating Institution
B40: Army ROTC is offered: | I40: FALSE | J40: FALSE | K40: {=_xlfn.IFS($I$40=TRUE, "On Campus", $I$40=FALSE, "")} | L40: {=_xlfn.IFS($J$40=TRUE, "At Cooperating Institution", $J$40=FALSE, "")}
B41: Naval ROTC is offered: | H41: FALSE | I41: FALSE | J41: FALSE | K41: {=_xlfn.IFS($I$41=TRUE, "On Campus", $I$41=FALSE, "")} | L41: {=_xlfn.IFS($J$41=TRUE, "At Cooperating Institution", $J$41=FALSE, "")} | M41: {=_xlfn.IFS($H$41=TRUE, "Marine Option", $H$41=FALSE, "")}
B42: Air Force ROTC is offered: | I42: FALSE | J42: FALSE | K42: {=_xlfn.IFS($I$42=TRUE, "On Campus", $I$42=FALSE, "")} | L42: {=_xlfn.IFS($J$42=TRUE, "At Cooperating Institution", $J$42=FALSE, "")}
A44: F4 | B44: Housing: Check all types of college-owned, -operated, or -affiliated housing available for undergraduates at your institution.
B46: Coed residence halls | D46: TRUE | L46: {=_xlfn.IFS($D$46=TRUE, "Coed residence halls|", $D$46=FALSE, "")} -> Coed residence halls|
B47: Men's residence halls | D47: FALSE | L47: {=_xlfn.IFS($D$47=TRUE, "Men's residence halls|", $D$47=FALSE, "")}
B48: Women's residence halls | D48: TRUE | L48: {=_xlfn.IFS($D$48=TRUE, "Women's residence halls|", $D$48=FALSE, "")} -> Women's residence halls|
B49: Apartments for married students | D49: FALSE | L49: {=_xlfn.IFS($D$49=TRUE, "Apartments for married students|", $D$49=FALSE, "")}
B50: Apartments for single students | D50: TRUE | L50: {=_xlfn.IFS($D$50=TRUE, "Apartments for single students|", $D$50=FALSE, "")} -> Apartments for single students|
B51: Special housing for disabled students | D51: TRUE | L51: {=_xlfn.IFS($D$51=TRUE, "Special housing for disabled students|", $D$51=FALSE, "")} -> Special housing for disabled students|
B52: Special housing for international students | D52: TRUE | L52: {=_xlfn.IFS($D$52=TRUE, "Special housing for international students|", $D$52=FALSE, "")} -> Special housing for international students|
B53: Fraternity/sorority housing | D53: TRUE | L53: {=_xlfn.IFS($D$53=TRUE, "Fraternity/sorority housing|", $D$53=FALSE, "")} -> Fraternity/sorority housing|
B54: Living Learning Communities | D54: FALSE | L54: {=_xlfn.IFS($D$54=TRUE, "Living Learning Communities|", $D$54=FALSE, "")}
B55: Cooperative housing | D55: FALSE | L55: {=_xlfn.IFS($D$55=TRUE, "Cooperative housing|", $D$55=FALSE, "")}
B56: Theme housing | D56: TRUE | L56: {=_xlfn.IFS($D$56=TRUE, "Theme housing|", $D$56=FALSE, "")} -> Theme housing|
B57: Wellness housing | D57: TRUE | L57: {=_xlfn.IFS($D$57=TRUE, "Wellness housing|", $D$57=FALSE, "")} -> Wellness housing|
B58: Other housing options (specify): | D58: student groups, farm | L58: {=_xlfn.IFS($D$58=TRUE, "Other housing options|", $D$58=FALSE, "")} -> #N/A

Sheet CDS-G
A1: G. ANNUAL EXPENSES
A3: G0 | B3: Please provide the URL of your institution’s net price calculator:
B6: Provide 2023-2024 academic year costs of attendance for the following categories that are applicable to your institution.
B8: Check here if your institution's 2023-2024 academic year costs of attendance are not available at this time and provide an approximate date (i.e., month/day) when your institution's final 2023-2024 academic year costs of attendance will be available:
F11: FALSE
A13: G1 | B13: Undergraduate full-time tuition, required fees, room and board
B14: List the typical tuition, required fees, and room and board for a full-time undergraduate student for the FULL 2023-2024 academic year. (30 semester hours or 45 quarter hours for institutions that derive annual tuition by multiplying credit hour cost by number of credits).
B16: • Room and board is defined as double occupancy and 19 meals per week or the maximum meal plan.
B17: • Required fees include only charges that all full-time students must pay that are not included in tuition (e.g., registration, health, or activity fees.)
B18: • Do not include optional fees (e.g., parking, laboratory use).
A20: G1 | C20: First-Year | D20: Undergraduates
B21: PRIVATE INSTITUTIONS
B22: Tuition: | C22: 0 | D22: 0
B23: PUBLIC INSTITUTIONS
B24: Tuition: In-district | C24: 0 | D24: 0
B25: Tuition: In-state (out-of-district): | C25: 0 | D25: 0
B26: Tuition: Out-of-state: | C26: 0 | D26: 0
B27: Tuition: Non-resident alien | C27: 0 | D27: 0
B28: FOR ALL INSTITUTIONS
B29: Required Fees | C29: 0 | D29: 0
B30: Room and Board (on-campus): | C30: 0 | D30: 0
B31: Room Only (on-campus): | C31: 0 | D31: 0
B32: Board Only (on-campus meal plan): | C32: 0 | D32: 0
B34: Comprehensive tuition and room and board fee (if your college cannot provide separate tuition and room and board fees):
B36: Other:
D38: Minimum | E38: Maximum
A39: G2 | B39: Number of credits per term a student can take for the stated full-time tuition.
D41: Yes or No
A42: G3 | B42: Do tuition and fees vary by year of study (e.g., sophomore, junior, senior)? | H42: {=_xlfn.IFS($D$42="YES", "Yes", $D$42="yes", "Yes", $D$42="Yes", "Yes", $D$42="NO", "No", $D$42="no", "No", $D$42="No", "No")} -> #N/A
A43: G4 | B43: Do tuition and fees vary by undergraduate instructional program? | H43: {=_xlfn.IFS($D$43="YES", "Yes", $D$43="yes", "Yes", $D$43="Yes", "Yes", $D$43="NO", "No", $D$43="no", "No", $D$43="No", "No")} -> #N/A
B44: If yes, what percentage of full-time undergraduates pay more than the tuition and fees reported in G1?
A46: G5 | B46: Provide the estimated expenses for a typical full-time undergraduate student:
C47: Residents | D47: Commuters (living at home) | E47: Commuters (not living at home)
B48: Books and supplies: | C48: 0 | D48: 0 | E48: 0
B49: Room only: | E49: 0
B50: Board only: | D50: 0 | E50: 0
B51: Room and board total* | E51: 0
B52: Transportation: | C52: 0 | D52: 0 | E52: 0
B53: Other expenses: | C53: 0 | D53: 0 | E53: 0
B54: * If your college cannot provide separate room and board figures for commuters not living at home
A56: G6 | B56: Undergraduate per-credit-hour charges (tuition only):
B57: PRIVATE INSTITUTIONS:
B58: PUBLIC INSTITUTIONS:
B59: In-district: | C59: 0
B60: In-state (out-of-district): | C60: 0
B61: Out-of-state: | C61: 0
B62: NONRESIDENT ALIENS: | C62: 0

Sheet CDS-H
A1: H. FINANCIAL AID
B3: Please refer to the following financial aid definitions when completing Section H.
B5: Awarded aid: The dollar amounts offered to financial aid applicants.
B6: Financial aid applicant: Any applicant who submits any one of the institutionally required financial aid applications/forms, such as the FAFSA.
B7: Indebtedness: Aggregate dollar amount borrowed through any loan program (federal, state, subsidized, unsubsidized, private, etc.; excluding parent loans) while the student was enrolled at an institution. Student loans co-signed by a parent are assumed to be the responsibility of the student and should be included.
B8: Institutional scholarships and grants: Endowed scholarships, annual gifts and tuition funded grants for which the institution determines the recipient.
B9: Financial need: As determined by your institution using the federal methodology and/or your institution's own standards.
B10: Need-based aid: College-funded or college-administered award from institutional, state, federal, or other sources for which a student must have financial need to qualify. This includes both institutional and non-institutional student aid (grants, jobs, and loans).
B11: Need-based scholarship or grant aid: Scholarships and grants from institutional, state, federal, or other sources for which a student must have financial need to qualify.
B12: Need-based self-help aid: Loans and jobs from institutional, state, federal, or other sources for which a student must demonstrate financial need to qualify.
B13: Non-need-based scholarship or grant aid: Scholarships and grants, gifts, or merit-based aid from institutional, state, federal, or other sources (including unrestricted funds or gifts and endowment income) awarded solely on the basis of academic achievement, merit, or any other non-need-based reason. When reporting questions H1 and H2, non-need-based aid that is used to meet need should be counted as need-based aid.
B14: Note: Suggested order of precedence for counting non-need money as need-based:
C15: 1. Non-need institutional grants | D15: 6. Non-need outside grants
C16: 2. Non-need tuition waivers | D16: 7. Non-need student loans
C17: 3. Non-need athletic awards | D17: 8. Non-need parent loans
C18: 4. Non-need federal grants | D18: 9. Non-need work
C19: 5. Non-need state grants
B20: Non-need-based self-help aid: Loans and jobs from institutional, state, or other sources for which a student need not demonstrate financial need to qualify.
B21: Private student loans: A nonfederal loan made by a lender such as a bank, credit union or private lender used to pay for up to the annual cost of education, less any financial aid received.
B22: External scholarships and grants: Scholarships and grants received from outside (private) sources that students bring with them (e.g., Kiwanis, National Merit scholarships). The institution may process paperwork to receive the dollars, but it has no role in determining the recipient or the dollar amount awarded.
B23: Work study and employment: Federal and state work study aid, and any employment packaged by your institution in financial aid awards.
B25: DO NOT INCLUDE ANY AID RELATED TO THE CARES ACT OR UNIQUE THE COVID-19 PANDEMIC
B27: Aid Awarded to Enrolled Undergraduates
A29: H1 | B29: Enter total dollar amounts awarded to enrolled full-time and less than full-time degree-seeking undergraduates (using the same cohort reported in CDS Question B1, “total degree-seeking” undergraduates) in the following categories.
B30: • If the data being reported are final figures for the 2021-2022 academic year (see the next item below), use the 2021-2022 academic year's CDS Question B1 cohort.
B31: • Include aid awarded to international students (i.e., those not qualifying for federal aid).
B32: • Aid that is non-need-based but that was used to meet need should be reported in the need-based aid column.
B33: • For a suggested order of precedence in assigning categories of aid to cover need, see the entry for “non- need-based scholarship or grant aid” on the last page of the definitions section.
B34: • Do NOT include any aid related to the CARES Act or unique to the COVID-19 pandemic.
E36: 2022-2023 estimated | F36: 2021-2022 Final
B37: Indicate the academic year for which data are reported for items H1, H2, H2A, and H6 below:
B38: Which needs-analysis methodology does your institution use in awarding institutional aid? (Formerly H3)
B40: Federal methodology (FM) | D40: FALSE | H40: {=_xlfn.IFS($D$40=TRUE, "Federal Methodoloy (FM)", $D$40=FALSE, "")}
B41: Institutional methodology (IM) | D41: FALSE | H41: {=_xlfn.IFS($D$41=TRUE, "Institutional Methodoloy (IM)",$D$41=FALSE, "")}
B42: Both FM and IM | D42: TRUE | H42: {=_xlfn.IFS($D$42=TRUE, "Both FM and IM", $D$42=FALSE, "")} -> Both FM and IM
E44: Need-based (Include non-need-based aid use to meet need.) | F44: Non-need-based (Exclude non-need-based aid use to meet need.)
B45: Scholarships/Grants | E45: Need-based | F45: Non-need based
B46: Federal | E46: 1114376 | F46: 30047
B47: State all states, not only the state in which your institution is located | E47: 64632 | F47: 18638
B48: Institutional: Endowed scholarships, annual gifts and tuition funded grants, awarded by the college, excluding athletic aid and tuition waivers (which are reported below). | E48: 43796401 | F48: 10046866
B49: Scholarships/grants from external sources (e.g. Kiwanis, National Merit) not awarded by the college | E49: 2176139 | F49: 2482016
B50: Total Scholarships/Grants | E50: =SUM(E46:E49) -> 47151548 | F50: =SUM(F46:F49) -> 12577567
B51: Self-Help
B52: Student loans from all sources (excluding parent loans) | E52: 2262672 | F52: 2470211
B53: Federal Work-Study | E53: 185077
B54: State and other (e.g., institutional) work-study/employment (Note: Excludes Federal Work-Study captured above.) | E54: 285266 | F54: 0
B55: Total Self-Help | E55: =SUM(E52:E54) -> 2733015 | F55: =SUM(F52,F54) -> 2470211
B56: Parent Loans | E56: 0 | F56: 2661505
B57: Tuition Waivers Note: Reporting is optional. Report tuition waivers in this row if you choose to report them. Do not report tuition waivers elsewhere. | E57: 1353871 | F57: 1287449
B58: Athletic Awards | E58: 0 | F58: 0
A60: H2 | B60: Number of Enrolled Students Awarded Aid: List the number of degree-seeking full-time and less-than-full-time undergraduates who applied for and were awarded financial aid from any source.
B61: • Aid that is non-need-based but that was used to meet need should be counted as need- based aid.
B62: • Numbers should reflect the cohort awarded the dollars reported in H1.
B63: • In the chart below, students may be counted in more than one row, and full-time freshmen should also be counted as full-time undergraduates.
B64: • Do NOT include any aid related to the CARES Act or unique to the COVID-19 pandemic.
D66: First-time Full-time First-Year | E66: Full-time Undergrad (Incl. First-Year) | F66: Less Than Full-time Undergrad
B67: A | C67: Number of degree-seeking undergraduate students (CDS Item B1 if reporting on Fall 2022 cohort) | D67: 531 | E67: 1887
B68: B | C68: Number of students in line a who applied for need-based financial aid | D68: 314 | E68: 979
B69: C | C69: Number of students in line b who were determined to have financial need | D69: 253 | E69: 869
B70: D | C70: Number of students in line c who were awarded any financial aid | D70: 253 | E70: 869
B71: E | C71: Number of students in line d who were awarded any need-based scholarship or grant aid | D71: 253 | E71: 869
B72: F | C72: Number of students in line d who were awarded any need-based self-help aid | D72: 197 | E72: 710
B73: G | C73: Number of students in line d who were awarded any non-need-based scholarship or grant aid | D73: 109 | E73: 376
B74: H | C74: Number of students in line d whose need was fully met (exclude PLUS loans, unsubsidized loans, and private alternative loans) | D74: 253 | E74: 869
B75: I | C75: On average, the percentage of need that was met of students who were awarded any need-based aid. Exclude any aid that was awarded in excess of need as well as any resources that were awarded to replace EFC (PLUS loans, unsubsidized loans, and private alternative loans) | D75: 1 | E75: 1
B76: J | C76: The average financial aid package of those in line d. Exclude any resources that were awarded to replace EFC (PLUS loans, unsubsidized loans, and private alternative loans) | D76: 54708 | E76: 53828
B77: K | C77: Average need-based scholarship and grant award of those in line e | D77: 53049 | E77: 51701
B78: L | C78: Average need-based self-help award (excluding PLUS loans, unsubsidized loans, and private alternative loans) of those in line f | D78: 2466 | E78: 3338
B79: M | C79: Average need-based loan (excluding PLUS loans, unsubsidized loans, and private alternative loans) of those in line f who were awarded a need-based loan | D79: 1743 | E79: 2680
A81: H2A | B81: Number of Enrolled Students Awarded Non-need-based Scholarships and Grants: List the number of degree-seeking full-time and less-than-full-time undergraduates who had no financial need and who were awarded institutional non-need-based scholarship or grant aid.
B82: • Numbers should reflect the cohort awarded the dollars reported in H1.
B83: • In the chart below, students may be counted in more than one row, and full-time freshmen should also be counted as full-time undergraduates.
B84: • Do NOT include any aid related to the CARES Act or unique to the COVID-19 pandemic.
D85: First-time Full-time First-Year | E85: Full-time Undergrad (Incl. First-Year) | F85: Less Than Full-time Undergrad
B86: N | C86: Number of students in line a who had no financial need and who were awarded institutional non-need-based scholarship or grant aid (exclude those who were awarded athletic awards and tuition benefits) | D86: 178 | E86: 542
B87: O | C87: Average dollar amount of institutional non-need-based scholarship and grant aid awarded to students in line n | D87: 16839 | E87: 15854
B88: P | C88: Number of students in line a who were awarded an institutional non-need-based athletic scholarship or grant | D88: 0 | E88: 0
B89: Q | C89: Average dollar amount of institutional non-need-based athletic scholarships and grants awarded to students in line p | D89: 0 | E89: 0
C91: Note: These are the graduates and loan types to include and exclude in order to fill out CDS H4 and H5.
C92: Include:
C93: • 2022 undergraduate class: all students who started at your institution as first-time students and received a bachelor's degree between July 1, 2021 and June 30, 2022.
C94: • Only loans made to students who borrowed while enrolled at your institution.
C95: • Co-signed loans.
C96: Exclude
C97: • Students who transferred in.
C98: • Money borrowed at other institutions.
C99: • Parent loans
C100: • Students who did not graduate or who graduated with another degree or certificate (but no bachelor’s degree).
C101: • Any aid related to the CARE Act or unique the COVID-19 pandemic.
A103: H4 | B103: Provide the number of students in the 2022 undergraduate class who started at your institution as first-time students and received a bachelor's degree between July 1, 2021 and June 30, 2022. Exclude students who transferred into your institution. | F103: 439
A105: H5. Number and percent of students in class (defined in H4 above) borrowing from federal, non-federal, and any loan sources, and the average (or mean) amount borrowed.
A106: • The “Average per-undergraduate-borrower cumulative principal borrowed,” is designed to provide better information about student borrowing from federal and nonfederal (institutional, state, commercial) sources.
A107: • The numbers, percentages, and averages for each row should be based only on the loan source specified for the particular row. For example, the federal loans average (row b) should only be the cumulative average of federal loans and the private loans average (row e) should only be the cumulative average of private loans.
B108: Source/Type of Loan | D108: Number in the class (defined in H4 above) who borrowed from the types of loans specified in the first column | E108: Percent of the class (defined above) who borrowed from the types of loans specified in the first column (nearest 1%) | F108: Average per-undergraduate-borrower cumulative principal borrowed from the types of loans specified in the first column (nearest $1)
B110: A | C110: Any loan program: Federal Perkins, Federal Stafford Subsidized and Unsubsidized, institutional, state, private loans that your institution is aware of, etc. Include both Federal Direct Student Loans and Federal Family Education Loans. | D110: 170 | E110: 0.39 | F110: 25146
B111: B | C111: Federal loan programs: Federal Perkins, Federal Stafford Subsidized and Unsubsidized. Include both Federal Direct Student Loans and Federal Family Education Loans. | D111: 145 | E111: 0.33 | F111: 16092
B112: C | C112: Institutional loan programs. | D112: 92 | E112: 0.21 | F112: 6244
B113: D | C113: State loan programs. | D113: 0 | E113: 0 | F113: 0
B114: E | C114: Private student loans made by a bank or lender. | D114: 25 | E114: 0.06 | F114: 54675
B116: Aid to Undergraduate Degree-seeking Nonresident Aliens
...

Sheet CDS-I
A1: I. INSTRUCTIONAL FACULTY AND CLASS SIZE
A3: I-1. | B3: Please report the number of instructional faculty members in each category for Fall 2022. Include faculty who are on your institution’s payroll on the census date your institution uses for IPEDS/AAUP.
B4: The following definition of full-time instructional faculty is used by the American Association of University Professors (AAUP) in its annual Faculty Compensation Survey (the part time definitions are not used by AAUP). Instructional Faculty is defined as those members of the instructional-research staff whose major regular assignment is instruction, including those with released time for research. Use the chart below to determine inclusions and exclusions:
J5: Full-time | K5: Part-time
B6: A | C6: Instructional faculty in preclinical and clinical medicine, faculty who are not paid (e.g., those who donate their services or are in the military), or research-only faculty, post-doctoral fellows, or pre-doctoral fellows | J6: Exclude | K6: Include only if they teach one or more non-clinical credit courses
B7: B | C7: Administrative officers with titles such as dean of students, librarian, registrar, coach, and the like, even though they may devote part of their time to classroom instruction and may have faculty status | J7: Exclude | K7: Include if they teach one or more non-clinical credit courses
B8: C | C8: Other administrators/staff who teach one or more non-clinical credit courses even though they do not have faculty status | J8: Exclude | K8: Include
B9: D | C9: Undergraduate or graduate students who assist in the instruction of courses, but have titles such as teaching assistant, teaching fellow, and the like | J9: Exclude | K9: Exclude
B10: E | C10: Faculty on sabbatical or leave with pay | J10: Include | K10: Exclude
B11: F | C11: Faculty on leave without pay | J11: Exclude | K11: Exclude
B12: G | C12: Replacement faculty for faculty on sabbatical leave or leave with pay | J12: Exclude | K12: Include
B14: Full-time instructional faculty: faculty employed on a full-time basis for instruction (including those with released time for research)
B15: Part-time instructional faculty: Adjuncts and other instructors being paid solely for part-time classroom instruction. Also includes full-time faculty teaching less than two semesters, three quarters, two trimesters, or two four-month sessions. Employees who are not considered full-time instruction faculty but who teach one or more non-clinical credit courses may be counted as part-time faculty.
B16: Minority faculty: includes faculty who designate themselves as Black, non-Hispanic; American Indian or Alaska Native; Asian, Native Hawaiian or other Pacific Islander, or Hispanic.
B17: Doctorate: includes such degrees as Doctor of Philosophy, Doctor of Education, Doctor of Juridical Science, and Doctor of Public Health in any field such as arts, sciences, education, engineering, business, and public administration. Also includes terminal degrees formerly designated as “first professional,” including dentistry (DDS or DMD), medicine (MD), optometry (OD), osteopathic medicine (DO), pharmacy (DPharm or BPharm), podiatric medicine (DPM), veterinary medicine (DVM), chiropractic (DC or DCM), or law (JD).
B18: Terminal master’s degree: a master’s degree that is considered the highest degree in a field: example, M. Arch (in architecture) and MFA (master of fine arts in art or theater).
A20: I-1. | I20: Full-Time | J20: Part-Time | K20: Total
B21: A | C21: Total number of instructional faculty | I21: 209 | J21: 30 | K21: =SUM(I21:J21) -> 239
B22: B | C22: Total number who are members of minority groups | I22: 45 | J22: 9 | K22: =SUM(I22:J22) -> 54
B23: C | C23: Total number who are women | I23: 195 | J23: 17 | K23: =SUM(I23:J23) -> 212
B24: D | C24: Total number who are men | I24: 104 | J24: 13 | K24: =SUM(I24:J24) -> 117
B25: E | C25: Total number who are nonresident aliens (international) | I25: 4 | J25: 2 | K25: =SUM(I25:J25) -> 6
B26: F | C26: Total number with doctorate, or other terminal degree | I26: 204 | J26: 25 | K26: =SUM(I26:J26) -> 229
B27: G | C27: Total number whose highest degree is a master’s but not a terminal master’s | I27: 5 | J27: 5 | K27: =SUM(I27:J27) -> 10
B28: H | C28: Total number whose highest degree is a bachelor’s | I28: 0 | J28: 0 | K28: =SUM(I28:J28) -> 0
B29: I | C29: Total number whose highest degree is unknown or other (Note: Items f, g, h, and i must sum up to item a.) | K29: =SUM(I29:J29) -> 0
B30: J | C30: Total number in stand-alone graduate/professional programs in which faculty teach virtually only graduate-level students | I30: 0 | J30: 0 | K30: =SUM(I30:J30) -> 0
A32: I-2. | B32: Student to Faculty Ratio
B33: Report the Fall 2022 ratio of full-time equivalent students (full-time plus 1/3 part time) to full-time equivalent instructional faculty (full time plus 1/3 part time). In the ratio calculations, exclude both faculty and students in stand-alone graduate or professional programs such as medicine, law, veterinary, dentistry, social work, business, or public health in which faculty teach virtually only graduate level students.
B34: • Do not count undergraduate or graduate student teaching assistants as faculty.
B36: Fall 2021 Student to Faculty ratio | H36: to 1 | I36: (based on | K36: students
I37: and | K37: faculty).
A38: I-3. | B38: Undergraduate Class Size
B39: In the table below, please use the following definitions to report information about the size of classes and class sections offered in the Fall 2022 term.
B40: • Please include classes that have been moved online in response to the COVID-19 pandemic.
B41: Class Sections: A class section is an organized course offered for credit, identified by discipline and number, meeting at a stated time or times in a classroom or similar setting, and not a subsection such as a laboratory or discussion session. Undergraduate class sections are defined as any sections in which at least one degree-seeking undergraduate student is enrolled for credit. Exclude distance learning classes and noncredit classes and individual instruction such as dissertation or thesis research, music instruction, or one-to-one readings. Exclude students in independent study, co-operative programs, internships, foreign language taped tutor sessions, practicums, and all students in one-on-one classes. Each class section should be counted only once and should not be duplicated because of course catalog cross-listings.
B42: Class Subsections: A class subsection includes any subsection of a course, such as laboratory, recitation, and discussion subsections that are supplementary in nature and are scheduled to meet separately from the lecture portion of the course. Undergraduate subsections are defined as any subsections of courses in which degree-seeking undergraduate students enrolled for credit. As above, exclude noncredit classes and individual instruction such as dissertation or thesis research, music instruction, or one-to-one readings. Each class subsection should be counted only once and should not be duplicated because of cross-listings.
B43: Using the above definitions, please report for each of the following class-size intervals the number of class sections and class subsections offered in Fall 2022. For example, a lecture class with 800 students who met at another time in 40 separate labs with 20 students should be counted once in the “100+” column in the class section column and 40 times under the “20-29” column of the class subsections table.
B45: Number of Class Sections with Undergraduates Enrolled
B47: Undergraduate Class Size (provide numbers)
D48: 2-9 | E48: 10-19 | F48: 20-29 | G48: 30-39 | H48: 40-49 | I48: 50-99 | J48: 100+ | K48: Total
B49: CLASS SECTIONS | K49: =SUM(D49:J49) -> 0
D51: 2-9 | E51: 10-19 | F51: 20-29 | G51: 30-39 | H51: 40-49 | I51: 50-99 | J51: 100+ | K51: Total
B52: CLASS SUB-SECTIONS | K52: =SUM(D52:J52) -> 0

Sheet CDS-J
A1: J. Disciplinary areas of DEGREES CONFERRED
A3: J1 | B3: Degrees conferred between July 1, 2021 and June 30, 2022
B4: For each of the following discipline areas, provide the percentage of diplomas/certificates, associate, and bachelor’s degrees awarded. To determine the percentage, use majors, not headcount (e.g., students with one degree but a double major will be represented twice). Calculate the percentage from your institution’s IPEDS Completions by using the sum of 1st and 2nd majors for each CIP code as the numerator and the sum of the Grand Total by 1st Majors and the Grand Total by 2nd major as the denominator. If you prefer, you can compute the percentages using 1st majors only.
B5: Category | C5: Diploma/Certificates | D5: Associate | E5: Bachelor’s | F5: CIP 2020 Categories to Include
B6: Agriculture | F6: 01
B7: Natural resources and conservation | F7: 03
B8: Architecture | F8: 04
B9: Area, ethnic, and gender studies | F9: 05
B10: Communication/journalism | F10: 09
B11: Communication technologies | F11: 10
B12: Computer and information sciences | F12: 11
B13: Personal and culinary services | F13: 12
B14: Education | F14: 13
B15: Engineering | F15: 14
B16: Engineering technologies | F16: 15
B17: Foreign languages, literatures, and linguistics | F17: 16
B18: Family and consumer sciences | F18: 19
B19: Law/legal studies | F19: 22
B20: English | F20: 23
B21: Liberal arts/general studies | F21: 24
B22: Library science | F22: 25
... B24: Mathematics and statistics | F24: 27
B25: Military science and military technologies | F25: 28 & 29
B26: Interdisciplinary studies | F26: 30
B27: Parks and recreation | F27: 31
B28: Philosophy and religious studies | F28: 38
B29: Theology and religious vocations | F29: 39
B30: Physical sciences | F30: 40
B31: Science technologies | F31: 41
B32: Psychology | F32: 42
B33: Homeland Security, law enforcement, firefighting, and protective services | F33: 43
B34: Public administration and social services | F34: 44
B35: Social sciences | F35: 45
B36: Construction trades | F36: 46
B37: Mechanic and repair technologies | F37: 47
... B43: History | F43: 54
B44: Other
B45: TOTAL (should = 100%) | C45: =SUM(C6:C44) -> 0 | D45: =SUM(D6:D44) -> 0 | E45: =SUM(E6:E44) -> 0

Sheet CDS Definitions
A1: Common Data Set Definitions
A2: ¨ All definitions related to the financial aid section appear at the end of the Definitions document.
A4: ¨ Items preceded by an asterisk (*) represent definitions agreed to among publishers which do not appear on the CDS document but may be present on individual publishers’ surveys.
A6: ¨ Additional guidance for some terms, particularly those common with the IPEDS survey, may be found here: https://surveys.nces.ed.gov/ipeds/public/glossary
A8: *Academic advisement: Plan under which each student is assigned to a faculty member or a trained adviser, who, through regular meetings, helps the student plan and implement immediate and long-term academic and vocational goals.
A9: Accelerated program: Completion of a college program of study in fewer than the usual number of years, most often by attending summer sessions and carrying extra courses during the regular academic term.
A10: Admitted student: Applicant who is offered admission to a degree-granting program at your institution.
A12: *Adult student services: Admission assistance, support, orientation, and other services expressly for adults who have started college for the first time, or who are re-entering after a lapse of a few years.
A13: American Indian or Alaska Native: A person having origins in any of the original peoples of North and South America (including Central America) and maintaining tribal affiliation or community attachment.
A14: Applicant (first-time, first year): An individual who has fulfilled the institution’s requirements to be considered for admission (including payment or waiving of the application fee, if any) and who has been notified of one of the following actions: admission, nonadmission, placement on waiting list, or application withdrawn (by applicant or institution).
A15: Application fee: That amount of money that an institution charges for processing a student’s application for acceptance. This amount is not creditable toward tuition and required fees, nor is it refundable if the student is not admitted to the institution.
A16: Asian: A person having origins in any of the original peoples of the Far East, Southeast Asia, or the Indian subcontinent, including, for example, Cambodia, China, India, Japan, Korea, Malaysia, Pakistan, the Philippine Islands, Thailand, and Vietnam.
... A189: Work study and employment: Federal and state work study aid, and any employment packaged by your institution in financial aid awards.
